 Dungeon Crawl Stone Soup version 0.31-a0-1074-g0b22e4e0f1 (webtiles) character file.

Game seed: 829501688179431708

18 lunkers the Ruffian (level 3, 0/28 HPs)
             Began as a Meteoran Shapeshifter on Nov 29, 2023.
             Killed from afar by Sigmund (7 damage)
             ... with a magic dart
             ... on level 2 of the Dungeon.
             The game lasted 00:01:05 (708 turns).

lunkers the Ruffian (Meteoran Shapeshifter)          Turns: 708, Time: 00:01:06

Health: 0/28       AC: 10    Str: 16    XL:     3   Next: 5%
Magic:  4/4        EV: 10    Int: 11    God:
Gold:   62         SH:  0    Dex: 15    Spells: 2/2 levels left

rFire   . .          .
                       - Unarmed
rCold   . . .        (no shield)
rNeg    . . .        k - +0 scale mail
rPois   .            (helmet currently unavailable)
rElec   .            (cloak currently unavailable)
rCorr   .            (gloves currently unavailable)
SInv    .            (boots currently unavailable)
Will    .....        (no amulet) Stlth
                     h - +4 ring of protection
HPRegen 0.24/turn    (no ring)
MPRegen 0.09/turn

%: no passive effects
@: beast-form, glowing
A: beast (slay +2), sense surroundings 1, otherworldly, glowing, explore regen
a: Begin Untransformation


You were on level 2 of the Dungeon.
You were a hulking beast.
You visited 1 branch of the dungeon, and saw 2 of its levels.

You collected 62 gold pieces.

Inventory:

Armour
 a - a +0 animal skin
 k - a +0 scale mail (worn)
Jewellery
 h - a +4 ring of protection (left hand)
Talismans
 c - a beast talisman
 d - a flux talisman
Scrolls
 e - 3 scrolls of identify
 j - a scroll of immolation {unknown}
Potions
 b - a potion of lignification
 f - 2 potions of cancellation
 g - a potion of might {unknown}
 i - 3 potions of mutation {unknown}
 l - a potion of curing {unknown}


   Skills:
 - Level 1.1 Fighting
 - Level 2.1 Dodging
 * Level 4.4 Unarmed Combat
 + Level 3.9 Shapeshifting


You had 2 spell levels left.
You didn't know any spells.
Your spell library contained the following spells:

 Spells                   Type           Power      Damage    Failure   Level
 Malign Gateway           Summ/Tloc      0%         N/A       100%        7
 Summon Horrible Things   Summ           0%         N/A       100%        8


Dungeon Overview and Level Annotations

Branches:
Dungeon (2/15) Zot: 495

Altars:

Shops:
D:1 *

Annotations:
D:2 Sigmund


Innate Abilities, Weirdness & Mutations

You are a hulking beast.
Your limbs bulge with bestial killing power. (Slay +2)
You passively map a small area around you.
You are easily found by Zot.
You glow in the dark.
You regain HP and MP as you explore.


Message History

You hit Sigmund but do no damage.
Sigmund is heavily wounded.
The jackal closely misses you.
Sigmund zaps a wand.
The puff of flame hits you.
The quokka bites you but does no damage.
Unknown command.
You hit Sigmund.
Sigmund is severely wounded.
The jackal barely misses you. The quokka misses you.
Sigmund hits you with a +0 scythe!
* * * LOW HITPOINT WARNING * * *
The jackal barely misses you.
You hit Sigmund.
Sigmund is severely wounded.
The endoplasm jiggles.
The jackal closely misses you.
The quokka bites you but does no damage.
A worm comes into view.
Unknown command.
You closely miss Sigmund.
Sigmund is severely wounded.
The jackal bites you.
* * * LOW HITPOINT WARNING * * *
Sigmund hits you but does no damage.
The quokka bites you but does no damage.
The jackal completely misses you.
You hit Sigmund.
Sigmund is almost dead.
The quokka bites you but does no damage.
The jackal bites you.
* * * LOW HITPOINT WARNING * * *
Sigmund zaps a wand.
The puff of flame hits you.
* * * LOW HITPOINT WARNING * * *
You barely miss Sigmund.
Sigmund is almost dead.
The quokka twitches its whiskers.
The quokka closely misses you. The jackal barely misses you.
Sigmund gestures at you while chanting. The magic dart hits you!
You die...
Sigmund begins carving another notch in his scythe.

, * #.##...
.....#
#.##..#
.#...##
#.##..#
.#.... , #.#
..# ..... #.#
#.# ...# * *
,
#.###.###...#
,
#.##....rh..#
,*
#.......h@h#
,
####..####h#
, *
#.....h..w
#..######...
#..# * ###*
#..# * #..#
##.#.#* * , *
*, ##.###.# ,
* *


You could see Sigmund, a worm, a quokka and 3 jackals.

Vanquished Creatures
  A dart slug (D:1)
  A ball python (D:1)
  2 goblins (D:2)
  3 hobgoblins
  A quokka (D:2)
  A bat (D:2)
  4 frilled lizards
  3 rats
16 creatures vanquished.

Notes
Turn   | Place    | Note
-------+----------+-------------------------------------------
     0 | D:1      | lunkers the Meteoran Shapeshifter began the quest for the
                  | Orb.
     0 | D:1      | Reached XP level 1. HP: 16/16 MP: 2/2
    55 | D:1      | Found Ysyosk's General Store.
   105 | D:1      | Reached XP level 2. HP: 12/23 MP: 3/3
   109 | D:1      | Reached skill level 4 in Unarmed Combat
   203 | D:1      | Found a faded altar of an unknown god.
   653 | D:2      | Reached XP level 3. HP: 28/28 MP: 4/4
   694 | D:2      | Noticed Sigmund
   708 | D:2      | Killed from afar by Sigmund

Illustrated notes

Levels and vault maps discovered:
D:1:      ldierk_walled_garden, layout_basic, hellmonk_ecumenical_altar_run_dry,
          serial_shops, nicolae_shop_tiny_statue_garden
D:2:      layout_loops_ring, serial_shops, nicolae_shop_tiny_real_fake_doors,
          minmay_tripent, uniq_sigmund

Skill      XL: |  1  2 |
---------------+-------+-----
Unarmed Combat | 4 |  4.4
Fighting       | |  1.1
Dodging        | |  2.1
Shapeshifting  | |  3.9

Action                     || total
---------------------------++-------
  Melee: Unarmed           ||    50
         Punch             ||     1
    Use: Scroll            ||     2
 Armour: Animal skin       ||    16
         Scale mail        ||    24
  Dodge: Dodged            ||    38

Table legend: (Time is in decaauts)
 A = Elapsed time spent in this place.
 B = Non-inter-level travel time spent in this place.
 C = Inter-level travel time spent in this place.
 D = Time resting spent in this place.
 E = Time spent auto-exploring this place.
 F = Levels seen in this place.
 G = Mean time per level.
                   A        B        C        D        E       F      G
               +--------+--------+--------+--------+--------+-----+--------+
         Total |    703 |    684 |     19 |      0 |    538 |   2 |  351.5 |
       Dungeon |    703 |    684 |     19 |      0 |    538 |   2 |  351.5 |
               +--------+--------+--------+--------+--------+-----+--------+

Top non-repeatable levels by time:
     D:1: 413 daAuts
     D:2: 290 daAuts
